Ducks vs Avalanche

Created - Monday, April 11, 2016 at 02:26

Goals
1 2 3 T
Ducks 0 2 0 2
Avalanche 2 1 3 6
Shots
1 2 3 T
Ducks 4 11 4 19
Avalanche 8 16 12 36

1st period

1. Avalanche , Sami Vatanen 13 (Matt Beleskey, Ryan O'Reilly) at 3:12
2. Avalanche , Christian Ehrhoff 4 (Matt Dumba, Marc-Andre Fleury) at 17:29 (PP)

Penalties :
Christian Ehrhoff (Col) for Roughing (Minor) at 9:02, Jonathan Huberdeau (Ana) for Hooking (Minor) at 9:53, Nikita Kucherov (Ana) for Hooking (Minor) at 16:44, Jared Cowen (Ana) for Slashing (Minor) at 17:56

2nd period

3. Avalanche , Brad Richards 23 (David Pastrnak) at 8:59 (PP)
4. Ducks , Nikita Nikitin 4 (Nikita Kucherov, Korbinian Holzer) at 13:46
5. Ducks , Kyle Palmieri 15 (Jean-Gabriel Pageau) at 15:24

Penalties :
Korbinian Holzer (Ana) for Holding (Minor) at 8:09, Nikita Kucherov (Ana) for Tripping (Minor) at 16:08

3rd period

6. Avalanche , Ryan O'Reilly 38 (Mark Scheifele, Marcus Johansson) at 0:24 (PP)
7. Avalanche , Marcus Johansson 25 (Mark Scheifele, Ryan O'Reilly) at 10:47 (PP)
8. Avalanche , David Pastrnak 19 (Marcus Johansson) at 19:19 (PP)

Penalties :
James Sheppard (Ana) for Hooking (Minor) at 0:12, Christian Ehrhoff (Col) for Boarding (Minor) at 8:31, Connor Murphy (Ana) for Hooking (Minor) at 10:23, Jonathan Huberdeau (Ana) for Delaying the game (Minor) at 18:51

Goalie Stats

Jhonas Enroth (Ana), 30 saves from 36 shots - (0.833), L, 15-27-4, 60:00 minutes
Marc-Andre Fleury (Col), 17 saves from 19 shots - (0.895), W, 31-36-5, 60:00 minutes

Players Stats for Ducks

Player Name              G  A  P  +/- PIM S  H  SB GA TA FO     MP     PP MP  PK MP  
------------------------------------------------------------------------------------
Andrew MacWilliam        0  0  0   0  0   1  0  0  0  1  0/0     5:29   0:00   0:00 
Blake Comeau             0  0  0   0  0   1  0  0  0  0  0/1     9:08   0:25   0:02 
Brad Richardson          0  0  0   0  0   1  2  1  1  1  1/2    15:08   0:50   1:42 
Brett Bellemore          0  0  0   0  0   0  0  1  0  1  0/0    21:28   1:56   2:43 
Chris Stewart            0  0  0   0  0   1  0  0  1  0  1/1     8:28   0:00   0:00 
Connor Murphy            0  0  0   1  2   1  0  0  0  4  0/0    26:01   1:55   4:46 
David Moss               0  0  0   1  0   1  2  0  2  2  3/12   16:16   0:00   0:00 
James Sheppard           0  0  0   0  2   0  0  1  0  0  8/19   20:03   0:50   5:21 
Jared Cowen              0  0  0   0  2   0  0  2  0  3  0/0    21:12   0:47   2:18 
Jean-Gabriel Pageau      0  1  1   0  0   3  0  0  0  1  3/7    14:47   1:53   1:46 
Jonathan Huberdeau       0  0  0   1  4   1  0  0  1  0  0/0    18:30   1:52   0:00 
Korbinian Holzer         0  1  1   0  2   0  2  1  0  1  0/0    12:23   0:00   0:00 
Kyle Palmieri            1  0  1   0  0   2  2  0  4  0  0/0    10:45   0:00   0:00 
Martin Marincin          0  0  0   1  0   2  1  1  1  0  0/0    20:38   0:47   4:38 
Michael Frolik           0  0  0   0  0   2  0  1  2  0  2/11   20:58   0:25   0:00 
Nikita Kucherov          0  1  1   1  4   1  0  1  2  0  0/0    16:27   0:00   0:00 
Nikita Nikitin           1  0  1   0  0   1  0  1  0  1  0/0    12:48   0:00   0:17 
Tom Wilson               0  0  0   0  0   1  3  0  0  0  2/2    20:42   1:53   5:51 

Players Stats for Avalanche

Player Name              G  A  P  +/- PIM S  H  SB GA TA FO     MP     PP MP  PK MP  
------------------------------------------------------------------------------------
Andrej Nestrasil         0  0  0   0  0   1  1  1  1  0  0/0     6:53   0:00   0:00 
Brad Richards            1  0  1   0  0   6  2  0  2  0  9/12   17:01   3:29   1:09 
Chris Kelly              0  0  0   0  0   0  2  0  0  0  2/4     7:25   0:00   0:32 
Christian Ehrhoff        1  0  1   0  4   2  2  2  0  1  0/0    19:07   2:24   0:00 
Daniel Winnik            0  0  0   0  0   0  1  0  1  0  0/1     9:04   0:00   2:11 
David Pastrnak           1  1  2  -1  0   3  0  0  3  1  0/0    18:26   3:11   0:00 
Jonas Brodin             0  0  0  -1  0   1  0  3  0  1  0/0    22:48   0:02   2:43 
Lee Stempniak            0  0  0   0  0   1  3  0  0  0  1/1    17:36   3:11   0:00 
Marcus Johansson         1  2  3   0  0   1  1  0  5  2  0/0    21:01   5:08   0:00 
Mark Scheifele           0  2  2   0  0   2  0  0  4  0  7/14   19:46   4:10   0:00 
Matt Beleskey            0  1  1  -1  0   4  3  0  2  0  0/0    19:02   3:51   0:00 
Matt Dumba               0  1  1   0  0   0  4  0  0  1  0/0    23:20   3:04   1:52 
Matt Moulson             0  0  0   0  0   2  0  0  2  0  0/0    12:11   0:00   0:00 
Mike Santorelli          0  0  0   0  0   0  0  0  0  0  1/1    12:11   0:00   0:00 
Nate Prosser             0  0  0   0  0   1  1  1  0  2  0/0    15:28   0:00   0:28 
Paul Martin              0  0  0   0  0   2  0  3  1  0  0/0    15:13   0:06   0:00 
Ryan O'Reilly            1  2  3  -1  0   8  3  1  2  0  15/22  21:18   3:52   1:34 
Sami Vatanen             1  0  1  -1  0   2  4  0  0  0  0/0    18:05   4:17   0:23 

3 Stars

1 - Ryan O'Reilly (Col)
2 - Marcus Johansson (Col)
3 - Sami Vatanen (Col)

Power Play

Ducks - 0 on 2 Attempt(s) - 0.00%
Avalanche - 5 on 8 Attempt(s) - 62.50%

Penalty Kill

Ducks - 3 on 8 Attempt(s) - 37.50% - Score 0 goal in Penalty Kill
Avalanche - 2 on 2 Attempt(s) - 100.00% - Score 0 goal in Penalty Kill

Team Stat

Ducks - Hits : 12 - Faceoff Wins : 20 - Blocked Shots : 10 - Penalty Minutes : 16
Avalanche - Hits : 27 - Faceoff Wins : 35 - Blocked Shots : 11 - Penalty Minutes : 4

Official

Referees : Unknown
Linesman : Unknown

Game Notes

13:46 of 2nd period - Ducks goal is going for a video replay. After video review, Goal.
Sami Vatanen is injured at 19:31 of 2nd period (Lacerated Right Calf)

Finance

Level 1 -- Attendance: 5738 (95.63%) -- Ticket Income $476,254
Level 2 -- Attendance: 4928 (98.56%) -- Ticket Income $266,112
Level 3 -- Attendance: 1856 (92.80%) -- Ticket Income $53,824
Level 4 -- Attendance: 4000 (100.00%) -- Ticket Income $68,000
Luxury Box -- Attendance: 942 (94.20%) -- Ticket Income $150,720
Game was played at the Pepsi Center.
Total Attendance: 17464 (97.02%)
Total Ticket Income: $1,014,910
Other Income: $497,306
Total Income: $1,512,216

Ducks

5 vs 5 Forward 
   Center                   Left Wing                Right Wing               Time % Phy DF OF 
 1 James Sheppard           Tom Wilson               Michael Frolik           36     1   2  2  
 2 David Moss               Jonathan Huberdeau       Nikita Kucherov          30     1   2  2  
 3 Michael Frolik           Blake Comeau             Chris Stewart            21     1   2  2  
 4 Jean-Gabriel Pageau      Brad Richardson          Kyle Palmieri            13     1   2  2  

5 vs 5 Defense 
   Defense                  Defense                                           Time % Phy DF OF 
 1 Brett Bellemore          Jared Cowen                                       35     1   2  2  
 2 Connor Murphy            Martin Marincin                                   30     1   2  2  
 3 Nikita Nikitin           Korbinian Holzer                                  22     1   2  2  
 4 Andrew MacWilliam        Connor Murphy                                     13     1   2  2  

PowerPlay Forward 
   Center                   Left Wing                Right Wing               Time % Phy DF OF 
 1 Brad Richardson          Michael Frolik           James Sheppard           60     1   2  2  
 2 Jean-Gabriel Pageau      Jonathan Huberdeau       Tom Wilson               40     1   2  2  

PowerPlay Defense
   Defense                  Defense                                           Time % Phy DF OF 
 1 Connor Murphy            Brett Bellemore                                   60     1   2  2  
 2 Jared Cowen              Martin Marincin                                   40     1   2  2  

Penalty Kill 4 Players Forward 
   Center                   Wing                     Time % Phy DF OF 
 1 James Sheppard           Tom Wilson               60     1   2  2  
 2 Jean-Gabriel Pageau      Brad Richardson          40     1   2  2  

Penalty Kill 4 Players Defense
   Defense                  Defense                  Time % Phy DF OF 
 1 Connor Murphy            Martin Marincin          60     1   2  2  
 2 Brett Bellemore          Jared Cowen              40     1   2  2  

Penalty Kill - 3 Players Forward 
   Forward                                           Time % Phy DF OF 
 1 James Sheppard                                    60     1   2  2  
 2 Brad Richardson                                   40     1   2  2  

Penalty Kill - 3 Players Defense
   Defense                  Defense                  Time % Phy DF OF 
 1 Jared Cowen              Brett Bellemore          60     1   2  2  
 2 Martin Marincin          Connor Murphy            40     1   2  2  

4 vs 4 Forward 
   Center                   Wing                     Time % Phy DF OF 
 1 James Sheppard           Brad Richardson          60     1   2  2  
 2 Michael Frolik           Tom Wilson               40     1   2  2  

4 vs 4 Defense
   Defense                  Defense                  Time % Phy DF OF 
 1 Nikita Nikitin           Brett Bellemore          60     1   2  2  
 2 Martin Marincin          Jared Cowen              40     1   2  2  

Last Minutes Offensive
   Center                   Left Wing                Right Wing               Defense                  Defense                  
   James Sheppard           Tom Wilson               Michael Frolik           Brett Bellemore          Jared Cowen              

Last Minutes Defensive
   Center                   Left Wing                Right Wing               Defense                  Defense                  
   James Sheppard           Tom Wilson               Michael Frolik           Brett Bellemore          Jared Cowen              

Goaltenders
Starting : Jhonas Enroth            
Backup : Jonathan Bernier         

Extra Forwards
Normal : James Sheppard, Brad Richardson, Tom Wilson - PP : Brad Richardson, James Sheppard - PK : Brad Richardson
Extra Defensemen
Normal : Brett Bellemore, Martin Marincin, Jared Cowen - PP : Brett Bellemore - PK : Jared Cowen, Brett Bellemore
Penalty Shots
Tom Wilson, Brad Richardson, Michael Frolik, James Sheppard, Jean-Gabriel Pageau

Avalanche

5 vs 5 Forward 
   Center                   Left Wing                Right Wing               Time % Phy DF OF 
 1 Ryan O'Reilly            Matt Beleskey            David Pastrnak           37     0   4  1  
 2 Mark Scheifele           Marcus Johansson         Lee Stempniak            32     0   4  1  
 3 Brad Richards            Matt Moulson             Mike Santorelli          24     0   4  1  
 4 Chris Kelly              Daniel Winnik            Andrej Nestrasil         7      0   5  0  

5 vs 5 Defense 
   Defense                  Defense                                           Time % Phy DF OF 
 1 Jonas Brodin             Sami Vatanen                                      37     0   4  1  
 2 Matt Dumba               Christian Ehrhoff                                 32     0   4  1  
 3 Paul Martin              Nate Prosser                                      18     0   4  1  
 4 Jonas Brodin             Sami Vatanen                                      13     0   4  1  

PowerPlay Forward 
   Center                   Left Wing                Right Wing               Time % Phy DF OF 
 1 Ryan O'Reilly            Matt Beleskey            Mark Scheifele           70     0   0  5  
 2 Brad Richards            David Pastrnak           Lee Stempniak            30     0   0  5  

PowerPlay Defense
   Defense                  Defense                                           Time % Phy DF OF 
 1 Marcus Johansson         Sami Vatanen                                      70     0   0  5  
 2 Christian Ehrhoff        Matt Dumba                                        30     0   0  5  

Penalty Kill 4 Players Forward 
   Center                   Wing                     Time % Phy DF OF 
 1 Ryan O'Reilly            Daniel Winnik            60     0   5  0  
 2 Brad Richards            Marcus Johansson         40     0   5  0  

Penalty Kill 4 Players Defense
   Defense                  Defense                  Time % Phy DF OF 
 1 Jonas Brodin             Sami Vatanen             60     0   5  0  
 2 Christian Ehrhoff        Nate Prosser             40     0   5  0  

Penalty Kill - 3 Players Forward 
   Forward                                           Time % Phy DF OF 
 1 Ryan O'Reilly                                     60     0   5  0  
 2 Daniel Winnik                                     40     0   5  0  

Penalty Kill - 3 Players Defense
   Defense                  Defense                  Time % Phy DF OF 
 1 Jonas Brodin             Sami Vatanen             60     0   5  0  
 2 Christian Ehrhoff        Nate Prosser             40     0   5  0  

4 vs 4 Forward 
   Center                   Wing                     Time % Phy DF OF 
 1 Ryan O'Reilly            Mark Scheifele           60     0   4  1  
 2 Brad Richards            Marcus Johansson         40     0   4  1  

4 vs 4 Defense
   Defense                  Defense                  Time % Phy DF OF 
 1 Jonas Brodin             Sami Vatanen             60     0   4  1  
 2 Matt Dumba               Christian Ehrhoff        40     0   4  1  

Last Minutes Offensive
   Center                   Left Wing                Right Wing               Defense                  Defense                  
   Ryan O'Reilly            Marcus Johansson         Mark Scheifele           David Pastrnak           Sami Vatanen             

Last Minutes Defensive
   Center                   Left Wing                Right Wing               Defense                  Defense                  
   Ryan O'Reilly            Daniel Winnik            Mark Scheifele           Jonas Brodin             Sami Vatanen             

Goaltenders
Starting : Marc-Andre Fleury        
Backup : Eddie Lack               

Extra Forwards
Normal : Ryan O'Reilly, Mark Scheifele, Marcus Johansson - PP : Ryan O'Reilly, Mark Scheifele - PK : Daniel Winnik
Extra Defensemen
Normal : Matt Dumba, Christian Ehrhoff, Jonas Brodin - PP : Matt Dumba - PK : Jonas Brodin, Sami Vatanen
Penalty Shots
Ryan O'Reilly, Daniel Winnik, Brad Richards, Marcus Johansson, Mark Scheifele

% Time on Ice - Ducks

Lines # - Real PCT - Wanted PCT - Time Play
Normal Forward
1 - 27% - 36% - 13:11
2 - 33% - 30% - 16:16
3 - 17% - 21% - 8:29
4 - 22% - 13% - 10:45
Normal Defense
1 - 35% - 35% - 16:51
2 - 29% - 30% - 13:56
3 - 26% - 22% - 12:25
4 - 11% - 13% - 5:29
PP Forward
1 - 31% - 60% - 0:50
2 - 69% - 40% - 1:53
PP Defense
1 - 71% - 60% - 1:56
2 - 29% - 40% - 0:47
PK Forward
1 - 86% - 60% - 6:18
2 - 14% - 40% - 1:03
PK Defense
1 - 55% - 60% - 4:04
2 - 45% - 40% - 3:17
PK3 Forward
1 - 0% - 60%
2 - 0% - 40%
PK3 Defense
1 - 0% - 60%
2 - 0% - 40%
44 Forward
1 - 100% - 60% - 1:15
2 - 0% - 40% - 0:00
44 Defense
1 - 9% - 60% - 0:07
2 - 91% - 40% - 1:08
Last Minute Offensive  - 0:00
Last Minute Defensive  - 0:00
Total
Forward - 60:00
Defense - 60:00

% Time on Ice - Avalanche

Lines # - Real PCT - Wanted PCT - Time Play
Normal Forward
1 - 31% - 37% - 15:11
2 - 30% - 32% - 14:25
3 - 25% - 24% - 12:12
4 - 14% - 7% - 6:53
Normal Defense
1 - 36% - 37% - 17:25
2 - 27% - 32% - 13:01
3 - 31% - 18% - 15:00
4 - 7% - 13% - 3:15
PP Forward
1 - 57% - 70% - 4:10
2 - 43% - 30% - 3:11
PP Defense
1 - 70% - 70% - 5:08
2 - 30% - 30% - 2:13
PK Forward
1 - 100% - 60% - 2:43
2 - 0% - 40% - 0:00
PK Defense
1 - 83% - 60% - 2:15
2 - 17% - 40% - 0:28
PK3 Forward
1 - 0% - 60%
2 - 0% - 40%
PK3 Defense
1 - 0% - 60%
2 - 0% - 40%
44 Forward
1 - 100% - 60% - 1:15
2 - 0% - 40% - 0:00
44 Defense
1 - 31% - 60% - 0:23
2 - 69% - 40% - 0:52
Last Minute Offensive  - 0:00
Last Minute Defensive  - 0:00
Total
Forward - 60:00
Defense - 60:00

Play by Play

1st period


0:01 of 1st period - Ryan O'Reilly wins face-off versus James Sheppard in neutral zone.
0:17 of 1st period - Slapshot by Ryan O'Reilly.
0:17 of 1st period - Shot Hit the Post.
0:19 of 1st period - Wrist shot by Jonas Brodin.
0:19 of 1st period - Shot Blocked by James Sheppard.
0:21 of 1st period - Wrist shot by Ryan O'Reilly.
0:21 of 1st period - Shot Misses the Net.
0:23 of 1st period - Slapshot by Jonas Brodin.
0:23 of 1st period - Stopped by Jhonas Enroth with a rebound.
0:49 of 1st period - Snap shot by Jonathan Huberdeau.
0:49 of 1st period - Stopped by Marc-Andre Fleury with a rebound.
0:51 of 1st period - Snap shot by Martin Marincin.
0:51 of 1st period - Deflect By Nikita Kucherov.
0:51 of 1st period - Stopped by Marc-Andre Fleury without a rebound.
0:52 of 1st period - David Moss wins face-off versus Mark Scheifele in Avalanche zone.
1:40 of 1st period - Wrist shot by Kyle Palmieri.
1:40 of 1st period - Shot Misses the Net.
1:50 of 1st period - Brad Richardson is hit by Christian Ehrhoff and loses puck.
1:57 of 1st period - Slapshot by Brad Richards.
1:57 of 1st period - Stopped by Jhonas Enroth without a rebound.
1:58 of 1st period - Chris Kelly wins face-off versus Michael Frolik in Ducks zone.
2:29 of 1st period - Snap shot by Andrej Nestrasil.
2:29 of 1st period - Shot Blocked by Nikita Nikitin.
2:53 of 1st period - Korbinian Holzer is hit by Ryan O'Reilly and loses puck.
3:10 of 1st period - Snap shot by Matt Beleskey.
3:10 of 1st period - Shot Misses the Net.
3:12 of 1st period - Slapshot by Sami Vatanen.
3:12 of 1st period - Deflect By Nikita Nikitin.
3:12 of 1st period - Goal by Sami Vatanen - Ducks : 0 - Avalanche : 1.
3:13 of 1st period - Brad Richards wins face-off versus David Moss in neutral zone.
3:26 of 1st period - Jonas Brodin is hit by David Moss and loses puck.
4:41 of 1st period - Jared Cowen is hit by Lee Stempniak.
5:21 of 1st period - Blake Comeau is hit by Lee Stempniak and loses puck.
6:04 of 1st period - Slapshot by Connor Murphy.
6:04 of 1st period - Shot Misses the Net.
6:06 of 1st period - Wrist shot by Martin Marincin.
6:06 of 1st period - Stopped by Marc-Andre Fleury with a rebound.
6:08 of 1st period - Slapshot by Martin Marincin.
6:08 of 1st period - Shot Blocked by Paul Martin.
6:10 of 1st period - Slapshot by Connor Murphy.
6:10 of 1st period - Shot Blocked by Paul Martin.
6:12 of 1st period - Wrist shot by Jonathan Huberdeau.
6:12 of 1st period - Shot Blocked by Paul Martin.
8:53 of 1st period - Connor Murphy is hit by Ryan O'Reilly and loses puck.
9:02 of 1st period - Minor Penalty to Christian Ehrhoff for Roughing.
9:03 of 1st period - Jean-Gabriel Pageau wins face-off versus Daniel Winnik in Avalanche zone.
9:53 of 1st period - Minor Penalty to Jonathan Huberdeau for Hooking.
9:54 of 1st period - Ryan O'Reilly wins face-off versus James Sheppard in Ducks zone.
10:53 of 1st period - Sami Vatanen is hit by Brad Richardson and loses puck.
11:02 of 1st period - Penalty to Christian Ehrhoff is over, Christian Ehrhoff is back on ice.
11:16 of 1st period - Sami Vatanen is hit by Martin Marincin and loses puck.
11:53 of 1st period - Penalty to Jonathan Huberdeau is over, Jonathan Huberdeau is back on ice.
12:10 of 1st period - Jared Cowen is hit by Sami Vatanen.
12:29 of 1st period - Wrist shot by Chris Stewart.
12:29 of 1st period - Stopped by Marc-Andre Fleury with a rebound.
12:31 of 1st period - Snap shot by Michael Frolik.
12:31 of 1st period - Shot Misses the Net.
12:39 of 1st period - Snap shot by Chris Stewart.
12:39 of 1st period - Shot Blocked by Andrej Nestrasil.
13:26 of 1st period - Mike Santorelli is hit by David Moss and loses puck.
14:18 of 1st period - Icing by David Pastrnak.
14:19 of 1st period - Ryan O'Reilly wins face-off versus Jean-Gabriel Pageau in Avalanche zone.
14:34 of 1st period - Slapshot by Ryan O'Reilly.
14:34 of 1st period - Shot Misses the Net.
15:16 of 1st period - Connor Murphy is hit by Daniel Winnik and loses puck.
15:33 of 1st period - Michael Frolik is hit by Chris Kelly and loses puck.
15:41 of 1st period - Icing by Andrew MacWilliam.
15:42 of 1st period - Ryan O'Reilly wins face-off versus Michael Frolik in Ducks zone.
15:45 of 1st period - Wrist shot by David Pastrnak.
15:45 of 1st period - Stopped by Jhonas Enroth with a rebound.
15:47 of 1st period - Snap shot by Ryan O'Reilly.
15:47 of 1st period - Stopped by Jhonas Enroth without a rebound.
15:48 of 1st period - Ryan O'Reilly wins face-off versus David Moss in Ducks zone.
16:25 of 1st period - Korbinian Holzer is hit by Matt Dumba and loses puck.
16:44 of 1st period - Minor Penalty to Nikita Kucherov for Hooking.
16:45 of 1st period - Ryan O'Reilly wins face-off versus James Sheppard in Ducks zone.
16:50 of 1st period - Snap shot by Mark Scheifele.
16:50 of 1st period - Stopped by Jhonas Enroth without a rebound.
16:51 of 1st period - Tom Wilson wins face-off versus Ryan O'Reilly in Ducks zone.
16:51 of 1st period - Tom Wilson is hit by Matt Beleskey.
17:29 of 1st period - Slapshot by Christian Ehrhoff.
17:29 of 1st period - Deflect By Tom Wilson.
17:29 of 1st period - Goal by Christian Ehrhoff - Ducks : 0 - Avalanche : 2.
17:30 of 1st period - Brad Richards wins face-off versus Michael Frolik in neutral zone.
17:56 of 1st period - Minor Penalty to Jared Cowen for Slashing.
17:57 of 1st period - James Sheppard wins face-off versus Mark Scheifele in Ducks zone.
18:30 of 1st period - Wrist shot by Mark Scheifele.
18:30 of 1st period - Shot Blocked by Martin Marincin.
18:32 of 1st period - Snap shot by Ryan O'Reilly.
18:32 of 1st period - Stopped by Jhonas Enroth with a rebound.
19:51 of 1st period - Wrist shot by David Pastrnak.
19:51 of 1st period - Shot Misses the Net.
19:56 of 1st period - Penalty to Jared Cowen is over, Jared Cowen is back on ice.
19:59 of 1st period - Brett Bellemore is hit by Brad Richards and loses puck.
Goals for this period are 0 for Ducks vs 2 for Avalanche.
Shots for this period are 4 for Ducks vs 8 for Avalanche.

2nd period


0:01 of 2nd period - James Sheppard wins face-off versus Mark Scheifele in neutral zone.
0:34 of 2nd period - Michael Frolik is hit by Sami Vatanen and loses puck.
0:44 of 2nd period - Icing by Brett Bellemore.
0:45 of 2nd period - James Sheppard wins face-off versus Ryan O'Reilly in Ducks zone.
0:56 of 2nd period - Snap shot by Matt Beleskey.
0:56 of 2nd period - Deflect By Ryan O'Reilly.
0:56 of 2nd period - Stopped by Jhonas Enroth with a rebound.
0:58 of 2nd period - Wrist shot by Matt Beleskey.
0:58 of 2nd period - Stopped by Jhonas Enroth with a rebound.
1:00 of 2nd period - Slapshot by Christian Ehrhoff.
1:00 of 2nd period - Shot Misses the Net.
1:12 of 2nd period - Snap shot by Ryan O'Reilly.
1:12 of 2nd period - Shot Blocked by Jared Cowen.
1:14 of 2nd period - Slapshot by Christian Ehrhoff.
1:14 of 2nd period - Shot Blocked by Nikita Kucherov.
1:38 of 2nd period - Snap shot by Brad Richards.
1:38 of 2nd period - Stopped by Jhonas Enroth without a rebound.
1:39 of 2nd period - Brad Richardson wins face-off versus Brad Richards in Ducks zone.
1:52 of 2nd period - Connor Murphy is hit by Nate Prosser and loses puck.
2:07 of 2nd period - Snap shot by Brad Richards.
2:07 of 2nd period - Stopped by Jhonas Enroth without a rebound.
2:08 of 2nd period - Lee Stempniak wins face-off versus James Sheppard in Ducks zone.
2:27 of 2nd period - Snap shot by Jonas Brodin.
2:27 of 2nd period - Shot Blocked by Michael Frolik.
2:29 of 2nd period - Slapshot by Sami Vatanen.
2:29 of 2nd period - Stopped by Jhonas Enroth with a rebound.
2:31 of 2nd period - Slapshot by Jonas Brodin.
2:31 of 2nd period - Shot Misses the Net.
2:33 of 2nd period - Wrist shot by Lee Stempniak.
2:33 of 2nd period - Shot Misses the Net.
2:35 of 2nd period - Slapshot by Jonas Brodin.
2:35 of 2nd period - Shot Misses the Net.
3:12 of 2nd period - Snap shot by Ryan O'Reilly.
3:12 of 2nd period - Stopped by Jhonas Enroth with a rebound.
3:20 of 2nd period - Nikita Nikitin is hit by Matt Beleskey and loses puck.
4:49 of 2nd period - Blake Comeau is hit by Chris Kelly and loses puck.
5:50 of 2nd period - Slapshot by Jonathan Huberdeau.
5:50 of 2nd period - Shot Misses the Net.
5:52 of 2nd period - Slapshot by Andrew MacWilliam.
5:52 of 2nd period - Deflect By David Moss.
5:52 of 2nd period - Stopped by Marc-Andre Fleury with a rebound.
5:54 of 2nd period - Backhand shot by Andrew MacWilliam.
5:54 of 2nd period - Stopped by Marc-Andre Fleury with a rebound.
6:04 of 2nd period - Michael Frolik is hit by Sami Vatanen and loses puck.
6:45 of 2nd period - Brett Bellemore is hit by Andrej Nestrasil and loses puck.
6:51 of 2nd period - Icing by Jared Cowen.
6:52 of 2nd period - Jean-Gabriel Pageau wins face-off versus Chris Kelly in Ducks zone.
6:52 of 2nd period - Jean-Gabriel Pageau is hit by Christian Ehrhoff.
7:33 of 2nd period - Wrist shot by Blake Comeau.
7:33 of 2nd period - Stopped by Marc-Andre Fleury without a rebound.
7:34 of 2nd period - Chris Stewart wins face-off versus Ryan O'Reilly in Avalanche zone.
7:56 of 2nd period - Slapshot by David Pastrnak.
7:56 of 2nd period - Deflect By Matt Beleskey.
7:56 of 2nd period - Shot Misses the Net.
7:56 of 2nd period - Puck is out of play.
7:57 of 2nd period - Mark Scheifele wins face-off versus Jean-Gabriel Pageau in Ducks zone.
8:09 of 2nd period - Minor Penalty to Korbinian Holzer for Holding.
8:10 of 2nd period - James Sheppard wins face-off versus Ryan O'Reilly in Ducks zone.
8:30 of 2nd period - Snap shot by Matt Beleskey.
8:30 of 2nd period - Stopped by Jhonas Enroth without a rebound.
8:31 of 2nd period - James Sheppard wins face-off versus Brad Richards in Ducks zone.
8:44 of 2nd period - Tom Wilson is hit by Brad Richards and loses puck.
8:57 of 2nd period - Snap shot by David Pastrnak.
8:57 of 2nd period - Stopped by Jhonas Enroth with a rebound.
8:59 of 2nd period - Wrist shot by Brad Richards.
8:59 of 2nd period - Goal by Brad Richards - Ducks : 0 - Avalanche : 3.
9:00 of 2nd period - Ryan O'Reilly wins face-off versus David Moss in neutral zone.
9:53 of 2nd period - Christian Ehrhoff is hit by Kyle Palmieri and loses puck.
10:04 of 2nd period - Wrist shot by Kyle Palmieri.
10:04 of 2nd period - Shot Misses the Net.
10:06 of 2nd period - Snap shot by Brad Richardson.
10:06 of 2nd period - Shot Misses the Net.
10:08 of 2nd period - Slapshot by Brad Richardson.
10:08 of 2nd period - Shot Misses the Net.
10:10 of 2nd period - Slapshot by Jared Cowen.
10:10 of 2nd period - Shot Misses the Net.
10:12 of 2nd period - Snap shot by Kyle Palmieri.
10:12 of 2nd period - Deflect By Brad Richardson.
10:12 of 2nd period - Stopped by Marc-Andre Fleury without a rebound.
10:13 of 2nd period - Michael Frolik wins face-off versus Brad Richards in Avalanche zone.
10:44 of 2nd period - Backhand shot by Brad Richards.
10:44 of 2nd period - Stopped by Jhonas Enroth with a rebound.
10:46 of 2nd period - Slapshot by Paul Martin.
10:46 of 2nd period - Stopped by Jhonas Enroth without a rebound.
10:47 of 2nd period - Mark Scheifele wins face-off versus David Moss in Ducks zone.
11:44 of 2nd period - Wrist shot by Ryan O'Reilly.
11:44 of 2nd period - Stopped by Jhonas Enroth with a rebound.
11:46 of 2nd period - Slapshot by Christian Ehrhoff.
11:46 of 2nd period - Deflect By Jean-Gabriel Pageau.
11:46 of 2nd period - Stopped by Jhonas Enroth with a rebound.
11:48 of 2nd period - Slapshot by Christian Ehrhoff.
11:48 of 2nd period - Shot Misses the Net.
11:50 of 2nd period - Wrist shot by Matt Beleskey.
11:50 of 2nd period - Shot Misses the Net.
11:52 of 2nd period - Slapshot by Christian Ehrhoff.
11:52 of 2nd period - Shot Blocked by Korbinian Holzer.
11:54 of 2nd period - Snap shot by Matt Beleskey.
11:54 of 2nd period - Stopped by Jhonas Enroth with a rebound.
11:56 of 2nd period - Snap shot by David Pastrnak.
11:56 of 2nd period - Deflect By Matt Beleskey.
11:56 of 2nd period - Shot Misses the Net.
11:56 of 2nd period - Puck is out of play.
11:57 of 2nd period - Brad Richards wins face-off versus James Sheppard in Ducks zone.
12:13 of 2nd period - Wrist shot by Tom Wilson.
12:13 of 2nd period - Deflect By Michael Frolik.
12:13 of 2nd period - Stopped by Marc-Andre Fleury with a rebound.
12:25 of 2nd period - Nate Prosser is hit by Tom Wilson and loses puck.
12:32 of 2nd period - Snap shot by Michael Frolik.
12:32 of 2nd period - Shot Blocked by Nate Prosser.
12:34 of 2nd period - Wrist shot by Michael Frolik.
12:34 of 2nd period - Shot Misses the Net.
13:25 of 2nd period - Backhand shot by Martin Marincin.
13:25 of 2nd period - Stopped by Marc-Andre Fleury without a rebound.
13:26 of 2nd period - Ryan O'Reilly wins face-off versus David Moss in Avalanche zone.
13:37 of 2nd period - Jonas Brodin is hit by Korbinian Holzer and loses puck.
13:44 of 2nd period - Snap shot by Nikita Kucherov.
13:44 of 2nd period - Shot Misses the Net.
13:46 of 2nd period - Slapshot by Nikita Nikitin.
13:46 of 2nd period - Ducks goal is going for a video replay.
13:46 of 2nd period - The goal is good.
13:46 of 2nd period - Goal by Nikita Nikitin - Ducks : 1 - Avalanche : 3.
13:47 of 2nd period - Mark Scheifele wins face-off versus James Sheppard in neutral zone.
14:40 of 2nd period - Wrist shot by Jonathan Huberdeau.
14:40 of 2nd period - Shot Blocked by Jonas Brodin.
14:42 of 2nd period - Snap shot by Jonathan Huberdeau.
14:42 of 2nd period - Shot Misses the Net.
14:44 of 2nd period - Slapshot by Connor Murphy.
14:44 of 2nd period - Shot Blocked by Jonas Brodin.
14:46 of 2nd period - Snap shot by Nikita Kucherov.
14:46 of 2nd period - Shot Misses the Net.
14:48 of 2nd period - Slapshot by Connor Murphy.
14:48 of 2nd period - Shot Misses the Net.
14:50 of 2nd period - Slapshot by Connor Murphy.
14:50 of 2nd period - Shot Misses the Net.
15:22 of 2nd period - Snap shot by Kyle Palmieri.
15:22 of 2nd period - Stopped by Marc-Andre Fleury with a rebound.
15:24 of 2nd period - Slapshot by Kyle Palmieri.
15:24 of 2nd period - Goal by Kyle Palmieri - Ducks : 2 - Avalanche : 3.
15:25 of 2nd period - James Sheppard wins face-off versus Mark Scheifele in neutral zone.
15:44 of 2nd period - Michael Frolik is hit by Marcus Johansson and loses puck.
15:51 of 2nd period - Snap shot by Jared Cowen.
15:51 of 2nd period - Deflect By Michael Frolik.
15:51 of 2nd period - Stopped by Marc-Andre Fleury with a rebound.
16:08 of 2nd period - Minor Penalty to Nikita Kucherov for Tripping.
16:09 of 2nd period - Tom Wilson wins face-off versus Ryan O'Reilly in Ducks zone.
16:33 of 2nd period - Connor Murphy is hit by Sami Vatanen.
16:41 of 2nd period - Snap shot by Tom Wilson.
16:41 of 2nd period - Shot Blocked by Christian Ehrhoff.
17:03 of 2nd period - Slapshot by Jean-Gabriel Pageau.
17:03 of 2nd period - Stopped by Marc-Andre Fleury with a rebound.
17:36 of 2nd period - Snap shot by Matt Beleskey.
17:36 of 2nd period - Stopped by Jhonas Enroth with a rebound.
18:08 of 2nd period - Penalty to Nikita Kucherov is over, Nikita Kucherov is back on ice.
18:20 of 2nd period - Slapshot by Andrej Nestrasil.
18:20 of 2nd period - Stopped by Jhonas Enroth without a rebound.
18:21 of 2nd period - David Moss wins face-off versus Chris Kelly in Ducks zone.
19:05 of 2nd period - Icing by David Moss.
19:06 of 2nd period - Brad Richards wins face-off versus Michael Frolik in Ducks zone.
19:19 of 2nd period - Wrist shot by Brad Richards.
19:19 of 2nd period - Shot Misses the Net.
19:30 of 2nd period - Sami Vatanen is hit by Korbinian Holzer and loses puck.
19:31 of 2nd period - Sami Vatanen from Avalanche is injured at 19:31 of 2nd period (Lacerated Right Calf).
19:32 of 2nd period - Ryan O'Reilly wins face-off versus James Sheppard in Avalanche zone.
Goals for this period are 2 for Ducks vs 1 for Avalanche.
Shots for this period are 11 for Ducks vs 16 for Avalanche.

3rd period


0:01 of 3rd period - James Sheppard wins face-off versus Ryan O'Reilly in neutral zone.
0:03 of 3rd period - Off-side.
0:04 of 3rd period - Ryan O'Reilly wins face-off versus James Sheppard in neutral zone.
0:12 of 3rd period - Minor Penalty to James Sheppard for Hooking.
0:13 of 3rd period - Mark Scheifele wins face-off versus Brad Richardson in Ducks zone.
0:22 of 3rd period - Slapshot by Marcus Johansson.
0:22 of 3rd period - Shot Blocked by Brad Richardson.
0:24 of 3rd period - Snap shot by Mark Scheifele.
0:24 of 3rd period - Deflect By Ryan O'Reilly.
0:24 of 3rd period - Goal by Ryan O'Reilly - Ducks : 2 - Avalanche : 4.
0:25 of 3rd period - Mark Scheifele wins face-off versus Michael Frolik in neutral zone.
1:23 of 3rd period - Nikita Kucherov is hit by Matt Dumba.
1:37 of 3rd period - Jared Cowen is hit by Matt Beleskey and loses puck.
2:07 of 3rd period - Snap shot by Brad Richards.
2:07 of 3rd period - Shot Misses the Net.
4:00 of 3rd period - Snap shot by Tom Wilson.
4:00 of 3rd period - Stopped by Marc-Andre Fleury without a rebound.
4:01 of 3rd period - James Sheppard wins face-off versus Ryan O'Reilly in Avalanche zone.
4:06 of 3rd period - Slapshot by Tom Wilson.
4:06 of 3rd period - Shot Blocked by Jonas Brodin.
4:08 of 3rd period - Slapshot by Connor Murphy.
4:08 of 3rd period - Stopped by Marc-Andre Fleury without a rebound.
4:09 of 3rd period - Brad Richards wins face-off versus Michael Frolik in Avalanche zone.
4:30 of 3rd period - Snap shot by Matt Moulson.
4:30 of 3rd period - Stopped by Jhonas Enroth without a rebound.
4:31 of 3rd period - Jean-Gabriel Pageau wins face-off versus Mark Scheifele in Ducks zone.
4:46 of 3rd period - Wrist shot by Jean-Gabriel Pageau.
4:46 of 3rd period - Stopped by Marc-Andre Fleury with a rebound.
5:49 of 3rd period - Jonas Brodin is hit by Tom Wilson and loses puck.
6:11 of 3rd period - Off-side.
6:12 of 3rd period - Brad Richards wins face-off versus Michael Frolik in neutral zone.
6:24 of 3rd period - Icing by Mike Santorelli.
6:25 of 3rd period - Brad Richards wins face-off versus Michael Frolik in Avalanche zone.
6:49 of 3rd period - Icing by Connor Murphy.
6:50 of 3rd period - Ryan O'Reilly wins face-off versus Michael Frolik in Ducks zone.
7:39 of 3rd period - Jonas Brodin is hit by Brad Richardson and loses puck.
7:50 of 3rd period - Wrist shot by Tom Wilson.
7:50 of 3rd period - Shot Misses the Net.
7:52 of 3rd period - Slapshot by Brett Bellemore.
7:52 of 3rd period - Shot Misses the Net.
7:54 of 3rd period - Snap shot by Michael Frolik.
7:54 of 3rd period - Shot Hit the Post.
7:56 of 3rd period - Slapshot by Brett Bellemore.
7:56 of 3rd period - Shot Misses the Net.
8:23 of 3rd period - Wrist shot by Nikita Kucherov.
8:23 of 3rd period - Shot Blocked by Christian Ehrhoff.
8:31 of 3rd period - Minor Penalty to Christian Ehrhoff for Boarding.
8:32 of 3rd period - Ryan O'Reilly wins face-off versus Jean-Gabriel Pageau in Avalanche zone.
9:03 of 3rd period - Snap shot by Ryan O'Reilly.
9:03 of 3rd period - Stopped by Jhonas Enroth with a rebound.
10:06 of 3rd period - Brett Bellemore is hit by Matt Dumba and loses puck.
10:23 of 3rd period - Minor Penalty to Connor Murphy for Hooking.
10:24 of 3rd period - Ryan O'Reilly wins face-off versus James Sheppard in Ducks zone.
10:25 of 3rd period - Snap shot by Mark Scheifele.
10:25 of 3rd period - Shot Misses the Net.
10:27 of 3rd period - Wrist shot by Ryan O'Reilly.
10:27 of 3rd period - Stopped by Jhonas Enroth with a rebound.
10:29 of 3rd period - Slapshot by Paul Martin.
10:29 of 3rd period - Deflect By Ryan O'Reilly.
10:29 of 3rd period - Shot Blocked by Brett Bellemore.
10:29 of 3rd period - Puck is out of play.
10:30 of 3rd period - Ryan O'Reilly wins face-off versus James Sheppard in Ducks zone.
10:31 of 3rd period - Penalty to Christian Ehrhoff is over, Christian Ehrhoff is back on ice.
10:47 of 3rd period - Slapshot by Marcus Johansson.
10:47 of 3rd period - Goal by Marcus Johansson - Ducks : 2 - Avalanche : 5.
10:48 of 3rd period - Michael Frolik wins face-off versus Mark Scheifele in neutral zone.
11:40 of 3rd period - Nate Prosser is hit by Kyle Palmieri and loses puck.
12:02 of 3rd period - Wrist shot by Kyle Palmieri.
12:02 of 3rd period - Deflect By Jean-Gabriel Pageau.
12:02 of 3rd period - Stopped by Marc-Andre Fleury without a rebound.
12:03 of 3rd period - Chris Kelly wins face-off versus David Moss in Avalanche zone.
13:15 of 3rd period - Michael Frolik is hit by Ryan O'Reilly and loses puck.
13:42 of 3rd period - Slapshot by Marcus Johansson.
13:42 of 3rd period - Shot Misses the Net.
13:44 of 3rd period - Slapshot by Paul Martin.
13:44 of 3rd period - Stopped by Jhonas Enroth with a rebound.
13:46 of 3rd period - Wrist shot by Lee Stempniak.
13:46 of 3rd period - Stopped by Jhonas Enroth with a rebound.
13:48 of 3rd period - Slapshot by Nate Prosser.
13:48 of 3rd period - Stopped by Jhonas Enroth with a rebound.
13:54 of 3rd period - Wrist shot by Mark Scheifele.
13:54 of 3rd period - Stopped by Jhonas Enroth with a rebound.
13:56 of 3rd period - Slapshot by Nate Prosser.
13:56 of 3rd period - Shot Misses the Net.
13:58 of 3rd period - Slapshot by Nate Prosser.
13:58 of 3rd period - Shot Misses the Net.
14:00 of 3rd period - Wrist shot by Paul Martin.
14:00 of 3rd period - Shot Misses the Net.
14:02 of 3rd period - Snap shot by Nate Prosser.
14:02 of 3rd period - Deflect By Mark Scheifele.
14:02 of 3rd period - Shot Blocked by Jared Cowen.
14:02 of 3rd period - Puck is out of play.
14:03 of 3rd period - Mike Santorelli wins face-off versus David Moss in Ducks zone.
14:04 of 3rd period - Slapshot by Brad Richards.
14:04 of 3rd period - Stopped by Jhonas Enroth with a rebound.
14:13 of 3rd period - Icing by Connor Murphy.
14:14 of 3rd period - Brad Richards wins face-off versus David Moss in Ducks zone.
15:14 of 3rd period - Christian Ehrhoff is hit by Tom Wilson.
15:18 of 3rd period - Martin Marincin is hit by Matt Dumba and loses puck.
15:55 of 3rd period - Snap shot by Kyle Palmieri.
15:55 of 3rd period - Shot Blocked by Ryan O'Reilly.
15:57 of 3rd period - Snap shot by Jared Cowen.
15:57 of 3rd period - Deflect By Kyle Palmieri.
15:57 of 3rd period - Shot Misses the Net.
15:57 of 3rd period - Puck is out of play.
15:58 of 3rd period - Mark Scheifele wins face-off versus Blake Comeau in Avalanche zone.
16:19 of 3rd period - Snap shot by Chris Stewart.
16:19 of 3rd period - Shot Misses the Net.
16:21 of 3rd period - Snap shot by Michael Frolik.
16:21 of 3rd period - Shot Misses the Net.
16:23 of 3rd period - Wrist shot by Blake Comeau.
16:23 of 3rd period - Deflect By Paul Martin.
16:23 of 3rd period - Shot Misses the Net.
16:23 of 3rd period - Puck is out of play.
16:24 of 3rd period - Brad Richards wins face-off versus David Moss in Avalanche zone.
16:45 of 3rd period - Snap shot by Matt Moulson.
16:45 of 3rd period - Stopped by Jhonas Enroth without a rebound.
16:46 of 3rd period - Mark Scheifele wins face-off versus Jean-Gabriel Pageau in Ducks zone.
17:19 of 3rd period - Andrew MacWilliam is hit by Lee Stempniak and loses puck.
17:36 of 3rd period - Wrist shot by Brad Richards.
17:36 of 3rd period - Shot Misses the Net.
18:51 of 3rd period - Minor Penalty to Jonathan Huberdeau for Delaying the game.
18:52 of 3rd period - Ryan O'Reilly wins face-off versus James Sheppard in Ducks zone.
19:19 of 3rd period - Snap shot by David Pastrnak.
19:19 of 3rd period - Goal by David Pastrnak - Ducks : 2 - Avalanche : 6.
19:20 of 3rd period - David Moss wins face-off versus Mark Scheifele in neutral zone.
Goals for this period are 0 for Ducks vs 3 for Avalanche.
Shots for this period are 4 for Ducks vs 12 for Avalanche.